 Dungeon Crawl Stone Soup version 0.28-a0-687-gb91baff9cc (webtiles) character file.

Game seed: 3343459950899250443

42 azathothic the Chopper (level 3, -4/36 HPs)
             Began as a Troll Berserker on Oct 20, 2021.
             Was an Initiate of Vehumet.
             Slain by a hornet zombie (12 damage)
             ... on level 4 of the Dungeon.
             The game lasted 00:08:04 (915 turns).

azathothic the Chopper (Troll Berserker)             Turns: 915, Time: 00:08:05

Health: -4/36      AC:  4    Str: 26    XL:     3   Next: 33%
Magic:  2/2        EV: 10    Int:  3    God:    Vehumet [......]
Gold:   79         SH:  0    Dex:  9    Spells: 2/2 levels left

rFire   . . .      SeeInvis .   a - +0 hand axe {lane}
rCold   . . .      Faith    .   (no shield)
rNeg    . . .      Spirit   .   b - +0 animal skin
rPois   .          Reflect  .   (helmet restricted)
rElec   .          Harm     .   (no cloak)
rCorr   .          Rampage  .   (gloves unavailable)
Will    .....                   (boots unavailable)
Stlth   +.........              (no amulet)
HPRegen 1.12/turn               (no ring)
MPRegen 0.08/turn               (no ring)

@: no status effects
A: large, unfitting armour, claws 3, regeneration 1, shaggy fur 1, tough skin 1
a: Renounce Religion


You were on level 4 of the Dungeon.
You worshipped Vehumet.
Vehumet was noncommittal.
You visited 1 branch of the dungeon, and saw 4 of its levels.

You collected 79 gold pieces.

Inventory:

Hand Weapons
 a - a +0 hand axe (weapon) {lane}
 g - a +0 long sword
 i - a +0 mace
 k - a +0 whip
Missiles
 f - 17 stones (quivered)
Armour
 b - a +0 animal skin (worn)
 d - a +0 pair of gloves
 e - a +0 leather armour
 h - a +0 scale mail
Potions
 c - 2 potions of flight
 j - a potion of might {unknown}


   Skills:
 + Level 2.8 Fighting
 + Level 3.0 Axes
 + Level 2.8 Dodging


You had 2 spell levels left.
You didn't know any spells.
Your spell library contained the following spells:

 Spells                   Type           Power      Damage    Failure   Level
 Blink                    Tloc           N/A        N/A       67%         2
 Manifold Assault         Tloc           0%         N/A       100%        5
 Storm Form               Tmut/Air       0%         N/A       100%        7


Dungeon Overview and Level Annotations

Branches:
Dungeon (4/15)
 Temple: D:4-7

Altars:
Hepliaklqana
Kikubaaqudgha
Vehumet

Portals:
Sewer: D:3


Innate Abilities, Weirdness & Mutations

You are too large for most types of armour.
You have claws for hands.
Your natural rate of healing is unusually fast.
You are covered in fur. (AC +1)
You have tough skin. (AC +1)


Message History

You closely miss the hornet zombie.
The hornet zombie is lightly damaged.
The hornet zombie barely misses you. The hornet zombie hits you.
You barely miss the hornet zombie.
The hornet zombie is lightly damaged.
The hornet zombie barely misses you.
You hit the hornet zombie.
The hornet zombie is lightly damaged.
The hornet zombie misses you. The hornet zombie hits you!
You hit the hornet zombie.
The hornet zombie is moderately damaged.
The hornet zombie hits you.
You hit the hornet zombie but do no damage.
The hornet zombie is moderately damaged.
The hornet zombie completely misses you.
The hornet zombie closely misses you.
You hit the hornet zombie.
The hornet zombie is moderately damaged.
The hornet zombie hits you! x2
* * * LOW HITPOINT WARNING * * *
You slash the hornet zombie!
The hornet zombie is heavily damaged.
The hornet zombie closely misses you.
You hit the hornet zombie but do no damage.
The hornet zombie is heavily damaged.
The hornet zombie closely misses you. x2
The hornet zombie hits you but does no damage.
Found 8 gold pieces.
The hornet zombie hits you!
* * * LOW HITPOINT WARNING * * *
The hornet zombie hits you.
* * * LOW HITPOINT WARNING * * *
The hornet zombie barely misses you.
The hornet zombie hits you but does no damage.
The hornet zombie closely misses you. The hornet zombie hits you.
* * * LOW HITPOINT WARNING * * *
You see here a +0 ring mail.
You barely miss the hornet zombie.
The hornet zombie is heavily damaged.
The hornet zombie hits you!
You die...

######.#
#.<....#
#.###### #.#
####.######
##.........#
#.....##.....#
#..##.##.###.##
#.. #...@# ..#
#. #..#Z###..# #
##.#......#
#.###.##.### #.#
#....$.# #.#
#..###.#
#..###.###..# #
#..........###.#
##########.....#


You could see a hornet zombie.

Vanquished Creatures
  2 adders (D:3)
  An adder skeleton (D:4)
  4 ball pythons
  2 bats
  2 endoplasms (D:2)
  A hobgoblin (D:3)
  2 quokkas (D:1)
  A goblin (D:2)
  2 kobolds (D:3)
  5 rats
  A bush (D:2)
23 creatures vanquished.

Notes
Turn   | Place    | Note
-------+----------+-------------------------------------------
     0 | D:1      | azathothic the Troll Berserker began the quest for the Orb.
     0 | D:1      | Reached XP level 1. HP: 22/22 MP: 0/0
   218 | D:1      | You fall into a shaft and drop 1 floor!
   303 | D:2      | Reached XP level 2. HP: 29/29 MP: 1/1
   524 | D:3      | Found a glowing drain.
   571 | D:3      | Found a hazy altar of Hepliaklqana.
   572 | D:3      | Found an ancient bone altar of Kikubaaqudgha.
   675 | D:3      | Reached ** piety under Trog
   676 | D:3      | Reached XP level 3. HP: 26/36 MP: 2/2
   678 | D:3      | Reached skill level 3 in Axes
   753 | D:3      | Found a radiant altar of Vehumet.
   764 | D:3      | Fell from the grace of Trog
   764 | D:3      | Became a worshipper of Vehumet
   915 | D:4      | Slain by a hornet zombie

Illustrated notes

Levels and vault maps discovered:
D:1:      minmay_arrival_checkered_box, layout_loops_ring,
          hellmonk_ecumenical_altar_lost_god
D:2:      layout_basic, basic_altar, minmay_hedge_maze
D:3:      minmay_inner_zag, layout_rooms, vehumet_crystals,
          grunt_temple_overflow_open, portal_sewer_entry_a, wad_floor_pattern_1,
          grunt_ministairs_13, minmay_misc_feat_roman
D:4:      layout_loops_ring, minmay_temple_entry_butterflies,
          minmay_fractal_squares_5

Skill      XL: |  1  2  3 |
---------------+----------+-----
Axes           | 3 |  3.0
Fighting       | |  2.8
Dodging        | |  2.8

Action                   || total
-------------------------++-------
Melee: Hand axe          ||   187
Throw: Stone             ||     1
  Use: Potion            ||     1
       Scroll            ||     1
Armor: Animal skin       ||    35
Dodge: Dodged            ||    51

Table legend: (Time is in decaauts)
 A = Elapsed time spent in this place.
 B = Non-inter-level travel time spent in this place.
 C = Inter-level travel time spent in this place.
 D = Time resting spent in this place.
 E = Time spent auto-exploring this place.
 F = Levels seen in this place.
 G = Mean time per level.
                   A        B        C        D        E       F      G
               +--------+--------+--------+--------+--------+-----+--------+
         Total |    943 |    914 |     29 |      0 |      0 |   4 |  235.8 |
       Dungeon |    943 |    914 |     29 |      0 |      0 |   4 |  235.8 |
               +--------+--------+--------+--------+--------+-----+--------+

Top non-repeatable levels by time:
     D:3: 331 daAuts
     D:2: 326 daAuts
     D:1: 218 daAuts
     D:4: 67 daAuts
